 Dungeon Crawl Stone Soup version 0.30.1-4-g462c640d31 (webtiles) character file.

Game seed: 8612311828189427264

11 safid the Chiller (level 2, -2/21 HPs)
             Began as a Merfolk Ice Elementalist on Aug 15, 2023.
             Slain by a hobgoblin (4 damage)
             ... on level 1 of the Dungeon.
             The game lasted 00:00:45 (287 turns).

safid the Chiller (Merfolk Ice Elementalist)         Turns: 287, Time: 00:00:45

Health: -2/21      AC:  2    Str:  8    XL:     2   Next: 29%
Magic:  2/5        EV: 12    Int: 14    God:
Gold:   20         SH:  0    Dex: 14    Spells: 4/5 levels left

rFire   . . .        c - +0 short sword
rCold   . . .        (no shield)
rNeg    . . .        a - +0 robe
rPois   +            (no helmet)
rElec   .            (no cloak)
rCorr   .            (no gloves)
SInv    .            (no boots)
Will    .....        (no amulet)
Stlth   ++           d - ring of poison resistance
HPRegen 0.23/turn    e - ring of wizardry
MPRegen 0.09/turn

%: wizardry (x1)
@: no status effects
A: (nimble swimmer 2), mertail
a: no special abilities


You were on level 1 of the Dungeon.
You visited 1 branch of the dungeon, and saw 1 of its levels.

You collected 20 gold pieces.

Inventory:

Hand Weapons
 c - a +0 short sword (weapon)
Armour
 a - a +0 robe (worn)
Jewellery
 d - a ring of poison resistance (left hand)
 e - a ring of wizardry (right hand)
Scrolls
 f - a scroll of blinking {unknown}
Potions
 b - a potion of magic
 g - a potion of haste {unknown}
 h - a potion of curing {unknown}


   Skills:
 + Level 1.0 Fighting
 - Level 2.6 Dodging
 - Level 2.1 Stealth
 + Level 2.2 Spellcasting
 + Level 4.6 Ice Magic


You had 4 spell levels left.
You knew the following spells:

 Your Spells              Type           Power      Damage    Failure   Level
a - Freeze                Ice            56%        1d7       1%          1

Your spell library contained the following spells:

 Spells                   Type           Power      Damage    Failure   Level
 Frozen Ramparts          Ice            28%        1d5       4%          3
 Ozocubu's Armour         Ice            14%        N/A       4%          3
 Call Canine Familiar     Summ           1%         N/A       26%         3
 Portal Projectile        Hex/Tloc       2%         N/A       26%         3
 Summon Ice Beast         Ice/Summ       8%         N/A       32%         4
 Leda's Liquefaction      Hex/Erth       0%         N/A       65%         4


Dungeon Overview and Level Annotations

Branches:
Dungeon (1/15)

Altars:


Innate Abilities, Weirdness & Mutations

((You are very nimble when in or above water. (Stealth+, EV+, Speed+++)))
Your lower body shifts to a powerful aquatic tail in water.


Message History

The hobgoblin hits you. The quokka closely misses you.
The giant cockroach barely misses you.
You are too injured to fight recklessly!
You are too injured to fight recklessly!
You are too injured to fight recklessly!
You are too injured to fight recklessly!
You are too injured to fight recklessly!
Unknown command.
Casting: Freeze (safe; 1% risk of failure)
Confirm with . or Enter, or press ? or * to list all spells.
Aiming: Freeze (safe; 1% risk of failure)
Press: ? - help, Shift-Dir - straight line, f - hobgoblin
Aim: a hobgoblin You freeze the hobgoblin.
The hobgoblin is heavily wounded.
The hobgoblin hits you but does no damage.
The quokka bites you.
The giant cockroach bites you but does no damage.
Casting: Freeze (safe; 1% risk of failure)
Confirm with . or Enter, or press ? or * to list all spells.
Aiming: Freeze (safe; 1% risk of failure)
Press: ? - help, Shift-Dir - straight line, f/p - hobgoblin
Aim: a hobgoblin (heavily wounded)
You freeze the hobgoblin.
The hobgoblin is severely wounded.
The hobgoblin misses you. The quokka bites you.
* * * LOW HITPOINT WARNING * * *
The giant cockroach barely misses you.
Casting: Freeze (safe; 1% risk of failure)
Confirm with . or Enter, or press ? or * to list all spells.
Aiming: Freeze (safe; 1% risk of failure)
Press: ? - help, Shift-Dir - straight line, f/p - hobgoblin
Aim: a hobgoblin (severely wounded)
You freeze the hobgoblin.
The hobgoblin is almost dead.
The giant cockroach bites you but does no damage.
The quokka bites you.
* * * LOW HITPOINT WARNING * * *
The hobgoblin hits you.
You die...

#.#...#######.#8.
#..........#.# #.##'###
#.!........#.# #.##.#
.#..........#.###.##.#
...................#.###
................#..#.#..
#......!....###....#.#..
#....B......###...###..
#....g@.!...# #........
#...:r......###........
#..###.####.#...#.#.#.#
... #.. #...........# #
#.................
...............###
.).........###.#
######..##### #.# ##..
#.#


You could see a quokka, a giant cockroach and a hobgoblin.

Vanquished Creatures
  2 ball pythons (D:1)
  A bat (D:1)
  2 giant cockroaches (D:1)
  A goblin (D:1)
  2 jackals (D:1)
  A rat (D:1)
9 creatures vanquished.

Notes
Turn   | Place    | Note
-------+----------+-------------------------------------------
     0 | D:1      | safid the Merfolk Ice Elementalist began the quest for the
                  | Orb.
     0 | D:1      | Reached XP level 1. HP: 13/13 MP: 3/3
   125 | D:1      | Reached XP level 2. HP: 10/20 MP: 0/5
   249 | D:1      | Reached skill level 1 in Fighting
   287 | D:1      | Slain by a hobgoblin

Illustrated notes

Levels and vault maps discovered:
D:1:      elethiomel_arrival_quiet, layout_rooms

Skill      XL: |  1  2 |
---------------+-------+-----
Fighting       | 1 |  1.0
Dodging        | |  2.6
Stealth        | |  2.1
Spellcasting   | |  2.2
Ice Magic      | |  4.6

Action                     || total
---------------------------++-------
  Melee: Short sword       ||    41
   Cast: Freeze            ||     9
   Stab: Sleeping          ||     1
 Armour: Robe              ||    18
  Dodge: Dodged            ||    33
